 Dungeon Crawl Stone Soup version 0.20-a0-351-gc9b4002 (webtiles) character file.

50 mopl the Bolt Thrower (level 4, 28/35 HPs)
             Began as a Formicid Hunter on Dec 26, 2016.
             Was a Follower of Makhleb.
             Quit the game on level 2 of the Dungeon.
             The game lasted 00:02:09 (1032 turns).

mopl the Bolt Thrower (Formicid Hunter)             Turns: 1032, Time: 00:02:10

Health: 28/35      AC: 10    Str: 16    XL:     4   Next: 4%
Magic:  4/4        EV:  7    Int: 11    God:    Makhleb [*.....]
Gold:   57         SH:  0    Dex: 12    Spells: 3/3 levels left

rFire  . . .     SeeInvis +     b - +0 short sword
rCold  + . .     Gourm    .     i - +2 chain mail {rC+}
rNeg   . . .     Faith    .     (no shield)
rPois  .         Spirit   .     (helmet unavailable)
rElec  .         Reflect  .     (no cloak)
rCorr  .         Harm     .     (no gloves)
MR     .....                    (no boots)
Stlth  ..........               (no amulet)
                                (no ring)
                                (no ring)

@: no status effects
A: permanent stasis, dig shafts and tunnels, four strong arms, antennae 3
a: Dig, Shaft Self, Renounce Religion


You were on level 2 of the Dungeon.
You worshipped Makhleb.
Makhleb was aware of your devotion.
You were not hungry.

You visited 1 branch of the dungeon, and saw 2 of its levels.

You collected 57 gold pieces.

Inventory:

Hand Weapons
 a - a +1 hand crossbow
 b - a +0 short sword (weapon)
Missiles
 n - 19 bolts
Armour
 i - a +2 chain mail of cold resistance (worn)
Scrolls
 c - a scroll of immolation {unknown}
 h - a scroll of enchant weapon {unknown}
 j - a scroll of enchant armour {unknown}
 m - a scroll of recharging {unknown}
Potions
 d - a potion of might {unknown}
 e - a potion of haste {unknown}
 g - 2 potions of degeneration {unknown}
 k - a potion of lignification {unknown}
Comestibles
 f - 2 bread rations
 l - a meat ration


   Skills:
 + Level 3.4 Fighting
 + Level 4.6 Crossbows
 - Level 1.7 Dodging
 - Level 1.2 Stealth


You had 3 spell levels left.
You didn't know any spells.

Dungeon Overview and Level Annotations

Branches:
Dungeon (2/15)

Altars:
Makhleb


Innate Abilities, Weirdness & Mutations

You cannot be hasted, slowed, berserked, paralysed or teleported.
You can dig through walls and to a lower floor.
Your four strong arms can wield two-handed weapons with a shield.
You have a pair of large antennae on your head. (SInv)


Message History

The worm bites you.
You hit the worm.
The worm is severely wounded.
The worm bites you.
You hit the worm but do no damage.
The worm is severely wounded.
You barely miss the worm.
The worm is severely wounded.
The worm bites you but does no damage.
You hit the worm.
The worm is almost dead.
The worm bites you but does no damage.
You hit the worm.
The worm is almost dead.
You hit the worm.
You kill the worm!
Makhleb accepts your kill.
You have reached level 4!
You feel clever.
Are you sure you want to abandon this character and quit the game? (Confirm with "yes".)

#.# .. #.# .. #.## #
..# ###########.#
#†# ............#
#@# #
#######..#######.#.#
# ##....).##...####
# #...#..†.........
# #..#_#..##..#####
# ##..#...# #.... #
#.....## ..... #
####..# .>### # ##.#
#.#


There were no monsters in sight!

Vanquished Creatures
  2 adders (D:2)
  A worm (D:2)
  2 giant cockroaches (D:1)
  3 goblins
  5 hobgoblins
  3 jackals (D:2)
  A ball python (D:2)
  4 bats
  2 frilled lizards
  3 kobolds
  2 rats (D:2)
28 creatures vanquished.

Notes
Turn   | Place    | Note
-------+----------+-------------------------------------------
     0 | D:1      | mopl the Formicid Hunter began the quest for the Orb.
     0 | D:1      | Reached XP level 1. HP: 16/16 MP: 1/1
   299 | D:1      | Reached XP level 2. HP: 23/23 MP: 2/2
   587 | D:2      | Reached skill level 3 in Fighting
   587 | D:2      | Reached XP level 3. HP: 15/29 MP: 3/3
   990 | D:2      | Found a faded altar of an unknown god.
  1008 | D:2      | Became a worshipper of Makhleb the Destroyer
  1008 | D:2      | Reached * piety under Makhleb
  1031 | D:2      | Reached XP level 4. HP: 28/35 MP: 4/4
  1032 | D:2      | Quit the game

Vault maps used:
D:1:      minmay_arrival_up_and_down
D:2:      zin_statuary, chequers_ecumenical_altar_simple,
          minmay_misc_feat_pillars

Skill      XL: |  1  2 |
---------------+-------+-----
Fighting       | 3 |  3.4
Crossbows      | |  4.6
Dodging        | |  1.7
Stealth        | |  1.2

Action                   |  1- 3 |  4- 6 || total
-------------------------+-------+-------++-------
Melee: Short sword       |    39 |       ||    39
 Fire: Hand crossbow     |    50 |       ||    50
Throw: Stone             |     2 |       ||     2
Armor: Leather armour    |    10 |       ||    10
       Chain mail        |    49 |       ||    49
Dodge: Dodged            |    39 |       ||    39
